 Dungeon Crawl Stone Soup version 0.31-a0-865-g3d5d91748a (webtiles) character file.

Game seed: 14119768467944631376

1 aloevera1 the Ruffian (level 1, -3/22 HPs)
             Began as a Troll Berserker on Oct 10, 2023.
             Was a Follower of Trog.
             Slain by a gnoll
             ... wielding a +0 halberd
              (4 damage)
             ... on level 2 of the Dungeon.
             The game lasted 00:00:24 (12 turns).

aloevera1 the Ruffian (Troll Berserker)               Turns: 12, Time: 00:00:25

Health: -3/22      AC:  4    Str: 24    XL:     1   Next: 16%
Magic:  0/0        EV: 10    Int:  3    God:    Trog [*.....]
Gold:   0          SH:  0    Dex:  9    Spells: 0/0 levels left

rFire   . .          .
                       - Unarmed
rCold   . . .        (no shield)
rNeg    . . .        a - +0 animal skin
rPois   .            (helmet restricted)
rElec   .            (no cloak)
rCorr   .            (gloves unavailable)
SInv    .            (boots unavailable)
Will    .....        (no amulet)
Stlth   +            (no ring)
HPRegen 1.03/turn    (no ring)
MPRegen 0.07/turn

%: no passive effects
@: no status effects
A: large, unfitting armour, claws 3, regeneration 1, shaggy fur 1, tough skin 1
a: Renounce Religion, Berserk


You were on level 2 of the Dungeon.
You worshipped Trog.
Trog was aware of your devotion.
You visited 1 branch of the dungeon, and saw 2 of its levels.

Inventory:

Armour
 a - a +0 animal skin (worn)


   Skills:
 + Level 2.4 Fighting
 + Level 2.5 Dodging
 + Level 3.0 Unarmed Combat


You couldn't memorise any spells.
You didn't know any spells.
Your spell library was empty.

Dungeon Overview and Level Annotations

Branches:
Dungeon (2/15)

Altars:


Innate Abilities, Weirdness & Mutations

You are too large for most types of armour.
You have claws for hands.
Your natural rate of healing is unusually fast.
You are covered in fur. (AC +1)
You have tough skin. (AC +1)


Message History

Welcome, aloevera1 the Troll Berserker.
Will you prevail where others failed? Will you find the Orb of Zot?
Trog says: Kill them all!
Press ? for a list of commands and other information.
Found two stairs.
There is a stone staircase leading down here.
You climb downwards.
There is a stone staircase leading up here.
The helpless giant cockroach fails to defend itself.
You claw the giant cockroach!
You kill the giant cockroach!
Trog accepts your kill.
You see here a giant cockroach corpse.
A gnoll comes into view. It is wielding a +0 whip.
Found a scroll labelled LAAPUM AMNALE.
The gnoll shouts!
You hear a shout! x2
A gnoll comes into view. It is wielding a +0 club. x2
A gnoll comes into view. It is wielding a +0 halberd.
The gnoll shouts! x2
A goblin comes into view. It is wielding a +0 dagger.
The goblin shouts!
The gnoll hits you with a +0 club! The gnoll hits you with a +0 whip!
* * * LOW HITPOINT WARNING * * *
The gnoll hits you with a +0 club.
* * * LOW HITPOINT WARNING * * *
The gnoll hits you with a +0 whip.
* * * LOW HITPOINT WARNING * * *
The gnoll hits you from afar with a +0 halberd.
You die...

# #?### #....##
#.#.....#######
..g..gg@...†.<#
#.#...gg#####.......#
##...## #########
.....# ###.# #. . ##


You could see 4 gnolls and a goblin.

Vanquished Creatures
  A giant cockroach (D:2)
1 creature vanquished.

Notes
Turn   | Place    | Note
-------+----------+-------------------------------------------
     0 | D:1      | aloevera1 the Troll Berserker began the quest for the Orb.
     0 | D:1      | Reached XP level 1. HP: 22/22 MP: 0/0
    12 | D:2      | HP: 1/22 [gnoll/+0 whip (2)]
    12 | D:2      | Slain by a gnoll

Illustrated notes

Levels and vault maps discovered:
D:1:      nzn_arrival_water_spiral, layout_loops_ring,
          dreamdust_ecumenical_altar_statues
D:2:      layout_loops_cross, st_stairs_13, nicolae_wormholes

Action                     || total
---------------------------++-------
  Melee: Unarmed           ||     1
   Stab: Sleeping          ||     1
 Armour: Animal skin       ||     5

Table legend: (Time is in decaauts)
 A = Elapsed time spent in this place.
 B = Non-inter-level travel time spent in this place.
 C = Inter-level travel time spent in this place.
 D = Time resting spent in this place.
 E = Time spent auto-exploring this place.
 F = Levels seen in this place.
 G = Mean time per level.
                   A        B        C        D        E       F      G
               +--------+--------+--------+--------+--------+-----+--------+
         Total |     11 |     11 |      0 |      0 |      0 |   2 |    5.5 |
       Dungeon |     11 |     11 |      0 |      0 |      0 |   2 |    5.5 |
               +--------+--------+--------+--------+--------+-----+--------+

Top non-repeatable levels by time:
     D:2: 7 daAuts
     D:1: 4 daAuts
